 Dungeon Crawl Stone Soup version 0.19-a0-1937-g70ed36a (webtiles) character file.

289 tv1990 the Chopper (level 6, 0/47 HPs)
             Began as a Formicid Monk on Oct 26, 2016.
             Was a Believer of Okawaru.
             Slain by an orc priest
             ... wielding a +0 flail
              (5 damage)
             ... on level 3 of the Dungeon.
             The game lasted 00:07:15 (2575 turns).

tv1990 the Chopper (Formicid Monk)                  Turns: 2575, Time: 00:07:16

Health: 0/47       AC: 10    Str: 15    XL:     6   Next: 57%
Magic:  6/6        EV:  9    Int: 10    God:    Okawaru [**....]
Gold:   128        SH:  0    Dex: 15    Spells: 0 memorised, 5 levels left

rFire  + . .     SeeInvis +     a - +0 hand axe
rCold  . . .     Gourm    .     e - +0 plate armour
rNeg   . . .     Faith    .     (no shield)
rPois  .         Spirit   .     (helmet unavailable)
rElec  .         Reflect  .     (no cloak)
rCorr  .         Harm     .     (no gloves)
MR     .....                    (no boots)
Stlth  ..........               (no amulet)
                                o - +4 ring of evasion
                                b - ring of protection from fire

@: no status effects
A: permanent stasis, dig shafts and tunnels, four strong arms, antennae 3
a: Dig, Shaft Self, Heroism, Renounce Religion


You were on level 3 of the Dungeon.
You worshipped Okawaru.
Okawaru was pleased with you.
You were not hungry.

You visited 1 branch of the dungeon, and saw 5 of its levels.

You collected 128 gold pieces.

Inventory:

Hand Weapons
 a - a +0 hand axe (weapon)
Armour
 e - a +0 plate armour (worn)
Jewellery
 b - a ring of protection from fire (left hand)
 o - a +4 ring of evasion (right hand)
Wands
 g - a wand of acid (10/15)
 n - a wand of digging (8/24)
Scrolls
 f - 3 scrolls of remove curse {unknown}
 h - a scroll of enchant weapon {unknown}
 i - 2 scrolls of identify {unknown}
 k - a scroll of blinking {unknown}
 r - a scroll of enchant armour {unknown}
Potions
 d - a potion of flight {unknown}
 l - a potion of curing
 m - 2 potions of brilliance {unknown}
 p - a potion of lignification {unknown}
Comestibles
 c - 2 bread rations
 j - 2 beef jerkies
 q - 8 chunks of flesh


   Skills:
 - Level 3.2 Fighting
 + Level 6.9 Axes
 - Level 2.6 Dodging
 - Level 2.4 Stealth


You had 5 spell levels left.
You didn't know any spells.

Dungeon Overview and Level Annotations

Branches:
Dungeon (5/15)
 Temple: D:4-7

Altars:
Okawaru
Xom

Annotations:
D:4 Sigmund


Innate Abilities, Weirdness & Mutations

You are under a permanent stasis effect.
You can dig through walls and to a lower floor.
Your four strong arms can wield two-handed weapons with a shield.
You have a pair of large antennae on your head. (SInv)


Message History

The orc priest is severely wounded.
The orc priest hits you with a flail.
* * * LOW HITPOINT WARNING * * *
Your plate armour prevents you from hitting the orc priest.
The orc priest is severely wounded.
The orc priest barely misses you.
You closely miss the orc priest.
The orc priest is severely wounded.
You hit the orc priest but do no damage.
The orc priest is severely wounded.
The orc priest mumbles some strange prayers to Beogh against you.
Beogh smites you!
* * * LOW HITPOINT WARNING * * *
You hit the orc priest but do no damage.
The orc priest is severely wounded.
The orc priest looks encouraged for a moment.
You hit the orc priest but do no damage.
The orc priest is severely wounded.
The orc priest hits you with a flail.
You die... #{ #...# {{o

###.#
#.#######.####
#.........).[#
#####.####.#####.#
#..........# ###.#
#.###.#.##.###.#)#
#.##)#.##)##.#
#.#@##.###.#(#
.....oo###....(.(#
......o ##.#.#)##
....##. ##.#.#.#
.... ..
.....#.######## ..
#. #>............
. #.
#####.######## #.
#.# .(.


You could see an orc priest and 2 orcs.

Vanquished Creatures
  The ghost of p0werm0de the Insei, an amateur DsAr (D:3)
  An orc priest (D:4)
  2 orc wizards
  A worker ant (D:5)
  3 gnolls (D:3)
  An adder (D:3)
  A worm (D:2)
  3 leopard geckos
  8 orcs
  2 giant cockroaches
  5 goblins
  4 hobgoblins
  4 jackals (D:1)
  5 kobolds
  A quokka (D:2)
  5 bats
  2 frilled lizards
  4 rats
53 creatures vanquished.

Notes
Turn   | Place    | Note
-------+----------+-------------------------------------------
     0 | D:1      | tv1990 the Formicid Monk began the quest for the Orb.
     0 | D:1      | Reached XP level 1. HP: 18/18 MP: 1/1
   149 | D:1      | Reached XP level 2. HP: 24/24 MP: 2/2
   901 | D:2      | Reached skill level 4 in Axes
   901 | D:2      | Reached XP level 3. HP: 26/29 MP: 3/3
   915 | D:2      | You fall through a shaft for 2 floors!
   916 | D:4      | Noticed Sigmund
   949 | D:4      | You fall through a shaft!
   949 | D:5      | Entered Level 5 of the Dungeon
  1226 | D:5      | Noticed a phantom
  1296 | D:5      | Reached XP level 4. HP: 12/35 MP: 4/4
  1563 | D:4      | Reached skill level 5 in Axes
  1565 | D:4      | Reached XP level 5. HP: 32/41 MP: 5/5
  1813 | D:2      | Found an iron altar of Okawaru.
  1813 | D:2      | Found a shimmering altar of Xom.
  1816 | D:2      | Became a worshipper of Warmaster Okawaru
  1816 | D:2      | Reached * piety under Okawaru
  1816 | D:2      | Reached ** piety under Okawaru
  1981 | D:2      | You fall through a shaft!
  1989 | D:3      | Noticed p0werm0de's ghost (amateur DsAr)
  2016 | D:3      | Killed p0werm0de's ghost
  2016 | D:3      | Reached skill level 6 in Axes
  2016 | D:3      | Reached XP level 6. HP: 35/47 MP: 4/6
  2575 | D:3      | Slain by an orc priest

Skill      XL: |  1  2  3  4  5 |
---------------+----------------+-----
Axes           | 4 5 6 |  6.9
Fighting       | |  3.2
Dodging        | |  2.6
Stealth        | |  2.4

Action                   |  1- 3 |  4- 6 || total
-------------------------+-------+-------++-------
Melee: Hand axe          |    95 |   159 ||   254
Invok: Heroism           |       |     1 ||     1
 Abil: Dig               |     3 |     5 ||     8
       Shaft Self        |     1 |       ||     1
  Use: Potion            |     3 |       ||     3
  Eat: Chunk             |     1 |     4 ||     5
       Beef jerky        |       |     1 ||     1
Armor: Plate armour      |    92 |    61 ||   153
Dodge: Dodged            |    30 |    44 ||    74

Table legend:
 A = Turns spent in this place as a percentage of turns spent in the entire game.
 B = Non-inter-level travel turns spent in this place as a percentage of non-inter-level travel turns spent in the entire game.
 C = Inter-level travel turns spent in this place as a percentage of turns spent in this place.
 D = Turns resting spent in this place as a percentage of non-inter-level travel turns spent in this place.
 E = Turns spent auto-exploring this place as a percentage of non-inter-level travel turns spent in this place.
 F = Non-inter-level travel turns spent in this place divided by the number of levels of this place that you've seen.
                   A       B       C       D       E      F
               +-------+-------+-------+-------+-------+----------------------
         Total | 100.0 | 100.0 |   0.3 |   5.4 |  14.2 | 134.2
       Dungeon | 100.0 | 100.0 |   0.3 |   5.4 |  14.2 | 134.2
               +-------+-------+-------+-------+-------+----------------------

Table legend:
 A = Kills in this place as a percentage of kills in entire the game.
 B = Kills by you in this place as a percentage of kills by you in the entire game.
 C = Kills by friends in this place as a percentage of kills by friends in the entire game.
 D = Other kills in this place as a percentage of other kills in the entire game.
 E = Experience gained in this place as a percentage of experience gained in the entire game.
 F = Experience gained in this place divided by the number of levels of this place that you have seen.
                   A       B       C       D       E      F
               +-------+-------+-------+-------+-------+----------------------
         Total | 100.0 | 100.0 |  -nan |  -nan | 100.0 |  82.6
       Dungeon | 100.0 | 100.0 |  -nan |  -nan | 100.0 |  82.6
               +-------+-------+-------+-------+-------+----------------------

Vault maps used:
D:1:      lightli_arrival_flooded_house
D:2:      gammafunk_temple_overflow_elements, first_bread
D:3:      fedhas_altar_fruit_tree
D:4:      uniq_sigmund
D:5:      nicolae_overflow_hidden_temple
